 Dungeon Crawl Stone Soup version 0.18.1-48-g4cf74bf (webtiles) character file.

156 Inkary the Skirmisher (level 5, 0/48 HPs)
             Began as a Hill Orc Fighter on Aug 30, 2016.
             Succumbed to an adder's poison
             ... on level 3 of the Dungeon.
             The game lasted 00:03:06 (1998 turns).

Inkary the Skirmisher (Hill Orc Fighter)            Turns: 1998, Time: 00:03:07

Health: 0/48       AC:  9    Str: 19    XL:     5   Next: 38%
Magic:  5/5        EV:  7    Int:  8    God:
Gold:   80         SH:  9    Dex: 11    Spells: 0 memorised, 4 levels left

rFire  . . .     SeeInvis .     k - +0 short sword (vamp)
rCold  . . .     Gourm    .     b - +0 scale mail
rNeg   . . .     Faith    .     c - +0 shield
rPois  .         Spirit   .     (no helmet)
rElec  .         Dismiss  .     m - +0 cloak
rCorr  .         Reflect  .     n - +0 pair of gloves
SustAt .         Harm     .     (no boots)
MR     .....                    (no amulet)
Stlth  ..........               (no ring)
                                (no ring)

@: lethally poisoned (0 -> -3), not resistant to hostile enchantments, extremely
unstealthy
A: no striking features
a: no special abilities


You were on level 3 of the Dungeon.
You were not hungry.

You visited 1 branch of the dungeon, and saw 3 of its levels.

You collected 80 gold pieces.

Inventory:

Hand Weapons
 a - a +0 war axe
 k - a +0 vampiric short sword (weapon)
Armour
 b - a +0 scale mail (worn)
 c - a +0 shield (worn)
 m - a +0 cloak (worn)
 n - a +0 pair of gloves (worn)
Jewellery
 e - an uncursed amulet of rage {unknown}
Scrolls
 h - 2 scrolls of blinking {unknown}
 i - a scroll of random uselessness {unknown}
 j - a scroll of fear {unknown}
Potions
 d - a potion of might
Comestibles
 f - a bread ration
 g - a chunk of flesh


   Skills:
 + Level 5.0 Fighting
 + Level 4.5 Axes
 + Level 4.7 Armour
 - Level 3.2 Shields


You had 4 spell levels left.
You didn't know any spells.

Dungeon Overview and Level Annotations

Branches:
Dungeon (3/15)

Altars:
Makhleb
Vehumet

Annotations:
D:3 Sigmund


Message History

You block the adder's attack.
You are too injured to fight recklessly!
You are too injured to fight recklessly!
You are too injured to fight recklessly!
You are too injured to fight recklessly!
You are too injured to fight recklessly!
Unknown command.
Drink which item? (? for menu, Esc to quit)
It was a potion of cancellation.
You feel magically purged.
You feel sick. You block the adder's attack. Something hits you.
* * * LOW HITPOINT WARNING * * *
The adder closely misses you. The adder bites you.
* * * LOW HITPOINT WARNING * * *
You are lethally poisoned!
The adder poisons you! The adder barely misses you.
* * * LOW HITPOINT WARNING * * *
You feel sick.
Found a club.
You die...

###### #....# #....#
######....# #######.........#
####.......####....###
##....#######..........#
########........@.S........##..
#...[......######...##..♣♣♣♣ .
...######### #.####..... ....#
## ...# ..#♣♣♣♣ ###.# ##...
....) ... #.####.......####
.### #...#...# ### . ###....#
.. ##.....##### ###


You could see an adder.

Vanquished Creatures
  A hound (D:2)
  Terence (D:2)
  5 adders (D:2)
  3 worms (D:2)
  2 dart slugs (D:1)
  2 giant geckos
  3 giant cockroaches (D:1)
  2 goblins (D:1)
  5 hobgoblins
  2 jackals (D:2)
  10 bats
  6 kobolds
  4 rats
46 creatures vanquished.

Notes
Turn   | Place    | Note
--------------------------------------------------------------
     0 | D:1      | Inkary the Hill Orc Fighter began the quest for the Orb.
     0 | D:1      | Reached XP level 1. HP: 19/19 MP: 1/1
   129 | D:1      | Reached XP level 2. HP: 25/27 MP: 2/2
   273 | D:1      | Reached skill level 4 in Fighting
   430 | D:1      | Reached XP level 3. HP: 33/33 MP: 3/3
   815 | D:2      | Noticed Terence
   845 | D:2      | Killed Terence
   845 | D:2      | Reached XP level 4. HP: 41/41 MP: 4/4
  1595 | D:2      | Reached XP level 5. HP: 46/47 MP: 5/5
  1624 | D:2      | Reached skill level 5 in Fighting
  1811 | D:2      | Found a burning altar of Makhleb.
  1907 | D:3      | Found a radiant altar of Vehumet.
  1979 | D:3      | Noticed Sigmund
  1995 | D:3      | HP: 2/48 [adder (3)]
  1998 | D:3      | Succumbed to an adder's poison

Skill      XL: |  1  2  3  4  5 |
---------------+----------------+-----
Axes           | 3 4 |  4.5
Fighting       | 4 5 |  5.0
Armour         | 4 |  4.7
Shields        | |  3.2

Action                   |  1- 3 |  4- 6 || total
-------------------------+-------+-------++-------
Melee: War axe           |    86 |       ||    86
       Short sword       |    34 |   158 ||   192
  Use: Potion            |       |     1 ||     1
  Eat: Royal jelly       |     2 |       ||     2
       Chunk             |       |     5 ||     5
Armor: Scale mail        |    48 |    79 ||   127
Dodge: Dodged            |    38 |    42 ||    80
Block: Shield            |    66 |    82 ||   148
